AoeStats
← frizboum

Arabia

513194102Analyzed
4v4 RM · 4d ago on Oct 12, 2026· 60m 57s· 8 players
Game mode
Random Map
Map size
Large (8 player)
Population
200
Speed
Normal
Resources
Standard
Victory
Conquest
Starting age
Dark Age
Ending age
Imperial Age
RankedLock teamsTeams togetherTeam positionsShared explorationLock speedFull tech treeHidden civsTurbo modeCheats
Victory
Defeat
🇷🇴 Malay · Romania
943
+12
🇲🇽 Sicilians · Mexico
902
+13
🇺🇸 Malians · United States
793
+19
🇫🇷 Inca · France
732
+21
vs
🇬🇧 Bulgarians · United Kingdom
889
-18
🇹🇼 Vikings · Taiwan
831
-16
🇮🇩 Persians · Indonesia
831
-30
🇩🇪 Vietnamese · Germany
815
-15
Goreng Patut
0:29 Loom
12:28 Feudal Age
13:49 Horse Collar
13:57 Double-Bit Axe
25:49 Castle Age
29:31 Gold Mining
29:31 Stone Mining
31:39 Thumb Ring
30:55 Crossbowman
31:31 Fletching
31:41 Padded Archer Armor
31:52 Scale Barding Armor
33:21 Gold Shaft Mining
33:21 Stone Shaft Mining
33:28 Wheelbarrow
36:12 Imperial Age
35:46 Hand Cart
35:59 Heavy Plow
37:39 Kamandaran
38:03 Conscription
39:48 Leather Archer Armor
41:32 Ring Archer Armor
40:58 Bodkin Arrow
42:13 Chain Barding Armor
44:03 Chemistry
42:59 Murder Holes
43:25 Ballistics
47:09 Elite War Elephant
50:34 Bow Saw
51:02 Crop Rotation
52:19 Plate Barding Armor
52:24 Hoardings
52:03 Citadels
52:50 Fervor
53:01 Block Printing
small650305
11:09 Feudal Age
9:24 Loom
11:44 Double-Bit Axe
11:49 Horse Collar
20:23 Castle Age
19:55 Fletching
20:28 Gold Mining
21:46 Crossbowman
22:47 Heavy Plow
23:16 Bow Saw
25:10 Padded Archer Armor
34:20 Imperial Age
34:23 Bodkin Arrow
34:44 Leather Archer Armor
34:48 Arbalester
36:31 Bracer
38:16 Ballistics
38:58 Chemistry
44:34 Town Watch
46:22 Town Patrol
47:31 Conscription
47:13 Bogsveigar
48:36 Two-Man Saw
48:15 Ring Archer Armor
54:12 Squires
53:33 Pikeman
TheBunjiMunji
4:00 Loom
12:18 Feudal Age
20:01 Castle Age
18:42 Horse Collar
18:49 Double-Bit Axe
23:05 Town Watch
23:28 Fletching
25:49 Heavy Plow
26:00 Bow Saw
27:59 Town Patrol
29:13 Ballistics
30:01 Wheelbarrow
31:21 Bodkin Arrow
33:02 Scale Barding Armor
33:07 Forging
33:45 Chain Barding Armor
35:08 Husbandry
35:18 Bloodlines
36:16 Murder Holes
Mistăr
0:34 Loom
11:38 Feudal Age
12:13 Double-Bit Axe
12:12 Horse Collar
16:37 Forging
17:03 Fletching
18:48 Forging
24:30 Castle Age
23:11 Gold Mining
23:12 Stone Mining
26:05 Scale Barding Armor
26:00 Padded Archer Armor
26:46 Thumb Ring
31:42 Stone Shaft Mining
31:25 Bow Saw
31:18 Heavy Plow
32:33 Wheelbarrow
31:43 Town Watch
33:23 Scale Mail Armor
33:45 Arson
36:43 Bodkin Arrow
38:19 Leather Archer Armor
46:19 Masonry
VeggieBrah
8:59 Loom
12:07 Feudal Age
13:12 Double-Bit Axe
20:40 Castle Age
20:16 Forging
20:06 Scale Mail Armor
20:16 Stone Mining
25:35 Iron Casting
28:52 Arson
29:56 Man-at-Arms
30:40 Gold Mining
31:38 Wheelbarrow
32:31 Chain Mail Armor
33:44 Treadmill Crane
34:53 Bow Saw
35:35 Hand Cart
36:02 Long Swordsman
36:47 Squires
43:30 Imperial Age
45:22 Plate Mail Armor
45:43 Conscription
45:04 Two-Handed Swordsman
46:53 Champion
48:08 Elite Gbeto
51:29 Gold Shaft Mining
Garivan
11:53 Feudal Age
15:04 Wheelbarrow
15:19 Gold Mining
15:29 Double-Bit Axe
17:45 Horse Collar
22:29 Castle Age
22:39 Stone Mining
27:14 Hand Cart
31:23 Bow Saw
31:17 Heavy Plow
31:49 Scale Barding Armor
37:17 Imperial Age
39:04 Conscription
41:26 Padded Archer Armor
42:15 Elite Skirmisher
43:35 First Crusade
44:21 Fletching
45:16 Leather Archer Armor
46:10 Chemistry
45:50 Ballistics
48:40 Capped Ram
49:32 Siege Ram
54:26 Bodkin Arrow
54:41 Forging
frizboum
0:46 Loom
11:09 Feudal Age
11:55 Double-Bit Axe
12:07 Stone Mining
12:56 Wheelbarrow
13:10 Horse Collar
18:04 Forging
17:54 Scale Mail Armor
18:30 Champi Runner
20:27 Arson
23:46 Fletching
28:55 Castle Age
26:55 Gold Mining
27:24 Padded Archer Armor
30:29 Iron Casting
30:47 Bow Saw
31:39 Chain Mail Armor
32:07 Heavy Plow
32:03 Champi Warrior
32:09 Elite Skirmisher
33:13 Thumb Ring
33:22 Pikeman
34:03 Squires
39:30 Hand Cart
42:51 Gold Shaft Mining
48:34 Imperial Age
47:26 Ballistics
47:02 Murder Holes
47:36 Bodkin Arrow
49:17 Capped Ram
49:19 Onager
50:57 Crop Rotation
49:55 Halberdier
49:56 Elite Champi Warrior
51:13 Leather Archer Armor
53:06 Chemistry
54:29 Blast Furnace
54:00 Plate Mail Armor
53:32 Bracer
53:55 Siege Ram
56:01 Ring Archer Armor
Valahul
2:38 Loom
10:27 Feudal Age
11:15 Wheelbarrow
14:13 Double-Bit Axe
23:00 Castle Age
21:25 Horse Collar
21:41 Stone Mining
23:26 Hand Cart
24:38 Stone Shaft Mining
23:56 Gold Mining
24:02 Gold Mining
25:32 Gold Shaft Mining
25:11 Bow Saw
31:10 Imperial Age
31:20 Conscription
33:40 Husbandry
34:04 Scale Barding Armor
34:10 Forging
37:45 Iron Casting
40:17 Blast Furnace
39:28 Elite Battle Elephant
Connection lost

Rejoining the realm…

Still unreachable

The connection could not be restored.

Session expired

The server has moved on; the page needs a fresh start.